 Dungeon Crawl Stone Soup version 0.20.1-1-g8b1a95d (webtiles) character file.

182 Internecine the Bolt Thrower (level 5, 0/45 HPs)
             Began as a Draconian Hunter on Sept 30, 2017.
             Slain by a water moccasin (1 damage)
             ... on level 3 of the Dungeon.
             The game lasted 00:23:21 (2883 turns).

Internecine the Bolt Thrower (Draconian Hunter)     Turns: 2883, Time: 00:23:21

Health: 0/45       AC:  9    Str: 14    XL:     5   Next: 35%
Magic:  5/5        EV:  7    Int: 17    God:
Gold:   162        SH: 10    Dex: 12    Spells: 4/4 levels left

rFire    . . .     SeeInvis .   g - +1 dagger (pain)
rCold    . . .     Gourm    .   o - +0 large shield
rNeg     . . .     Faith    .   (armour unavailable)
rPois    .         Spirit   .   z - +0 hat
rElec    .         Reflect  .   f - +0 cloak
rCorr    .         Harm     .   p - +2 pair of gloves
MR       .....                  (no boots)
Stlth    ++........             (no amulet)
Regen    0.2/turn               v - ring of flight
MPRegen  0.1/turn               (no ring)

@: brilliant, lethally poisoned (0 -> -10)
A: unfitting armour, cold-blooded, AC +5
a: Evoke Flight


You were on level 3 of the Dungeon.
You were not hungry.

You visited 1 branch of the dungeon, and saw 3 of its levels.

You collected 162 gold pieces.

Inventory:

Hand Weapons
 a - a +1 hand crossbow
 b - a +0 short sword
 g - a +1 dagger of pain (weapon)
 q - a +0 dagger
 r - a +0 hunting sling
 A - a +0 flail
Missiles
 c - 3 bolts
 e - 126 stones (quivered)
 u - 48 arrows
 y - 25 sling bullets
Armour
 f - a +0 cloak (worn)
 o - a +0 large shield (worn)
 p - a +2 pair of gloves (worn)
 z - a +0 hat (worn)
Jewellery
 v - a ring of flight (left hand)
Scrolls
 h - a scroll of fog {unknown}
 i - 2 scrolls of fear {unknown}
 j - 2 scrolls of blinking {unknown}
 m - 2 scrolls of remove curse {unknown}
 n - 2 scrolls of recharging {unknown}
 t - 5 scrolls of identify {unknown}
Potions
 l - a potion of mutation {unknown}
 s - a potion of haste {unknown}
 w - a potion of heal wounds {unknown}
Comestibles
 d - 4 bread rations
 x - a chunk of flesh


   Skills:
 + Level 3.2 Fighting
 + Level 0.8 Short Blades
 + Level 0.1(0.3) Slings
 + Level 5.1 Crossbows
 + Level 0.3(0.4) Throwing
 + Level 2.2 Dodging
 + Level 1.1 Stealth
 + Level 0.6 Shields


You had 4 spell levels left.
You didn't know any spells.

Dungeon Overview and Level Annotations

Branches:
Dungeon (3/15)

Altars:


Innate Abilities, Weirdness & Mutations

Your plain brown scales are hard. (AC +5)
You cannot fit into any form of body armour.
You are cold-blooded and may be slowed by cold attacks.


Message History

* * * LOW HITPOINT WARNING * * *
You feel sick.
The water moccasin bites you but does no damage. x2
Your shield prevents you from hitting the water moccasin.
You tail-slap the water moccasin.
The water moccasin is severely wounded.
* * * LOW HITPOINT WARNING * * *
You feel sick. You block the water moccasin's attack.
You hit the water moccasin.
The water moccasin is severely wounded.
* * * LOW HITPOINT WARNING * * *
You feel sick.
The water moccasin bites you but does no damage.
The water moccasin bites you.
* * * LOW HITPOINT WARNING * * *
It was a potion of brilliance.
You feel clever all of a sudden.
* * * LOW HITPOINT WARNING * * *
You feel sick. The water moccasin bites you.
You die...

#.......#.# +...⌠...+.#
#(......#.# #.⌠...⌠.#.##
#.......#..# #
####'####..# ######## #
.####.......# #......# #
#.......S....###......# #
#########@##..........####
#.######.......... #.#
#......#### #.#
###........## #.#
##........#..#
#.###.........##..
#.##.........####.
#.##.........# ###
#)##.........##...


You could see a water moccasin.

Vanquished Creatures
  Jessica (D:2)
  5 adders
  3 oozes
  An adder skeleton (D:3)
  6 worms
  A dart slug (D:1)
  2 leopard geckos
  An orc (D:3)
  A ball python (D:2)
  A giant cockroach (D:2)
  8 goblins
  5 hobgoblins
  6 jackals (D:1)
  2 quokkas
  7 bats
  5 frilled lizards
  11 kobolds
  12 rats
78 creatures vanquished.

Notes
Turn   | Place    | Note
-------+----------+-------------------------------------------
     0 | D:1      | Internecine the Draconian Hunter began the quest for the Orb.
     0 | D:1      | Reached XP level 1. HP: 17/17 MP: 1/1
    72 | D:1      | Reached XP level 2. HP: 25/25 MP: 2/2
    73 | D:1      | Reached skill level 4 in Crossbows
   505 | D:1      | Reached XP level 3. HP: 30/30 MP: 3/3
   713 | D:1      | Reached skill level 1 in Stealth
  1020 | D:2      | Reached XP level 4. HP: 37/37 MP: 4/4
  1218 | D:2      | Found a faded altar of an unknown god.
  1256 | D:2      | Noticed Jessica
  1257 | D:2      | Killed Jessica
  1257 | D:2      | Reached skill level 5 in Crossbows
  1747 | D:3      | Reached XP level 5. HP: 19/45 MP: 5/5
  2864 | D:3      | Noticed a water moccasin
  2882 | D:3      | HP: 2/45 [water moccasin (2)]
  2883 | D:3      | Slain by a water moccasin

Skill      XL: |  1  2  3  4 |
---------------+-------------+-----
Crossbows      | 4 5 |  5.1
Stealth        | 1 |  1.1
Fighting       | 3 |  3.2
Dodging        | 2 |  2.2
Short Blades   | |  0.8
Slings         | |  0.1
Throwing       | |  0.3
Shields        | |  0.6

Action                   |  1- 3 |  4- 6 || total
-------------------------+-------+-------++-------
Melee: Dagger            |       |   108 ||   108
       Short sword       |       |     5 ||     5
       Tailslap          |       |    11 ||    11
 Fire: Hand crossbow     |    95 |    33 ||   128
       Hunting sling     |       |    58 ||    58
Throw: Stone             |       |    23 ||    23
  Use: Potion            |       |     1 ||     1
  Eat: Chunk             |       |     6 ||     6
Armor: Skin              |    16 |    68 ||    84
Dodge: Dodged            |    24 |    35 ||    59
Block: Large shield      |    15 |    88 ||   103
